 Dungeon Crawl Stone Soup version 0.30-a0-920-g7493c07aab (webtiles) character file.

Game seed: 3338339002476616078

74 Iniera the Chopper (level 4, -4/35 HPs)
             Began as a Demonspawn Fighter on Mar 22, 2023.
             Slain by Terence
             ... wielding a +3 hand axe of electrocution
              (18 damage)
             ... on level 3 of the Dungeon.
             The game lasted 00:03:10 (1553 turns).

Iniera the Chopper (Demonspawn Fighter)             Turns: 1553, Time: 00:03:11

Health: -4/35      AC: 12    Str: 18    XL:     4   Next: 10%
Magic:  4/4        EV:  4    Int: 10    God:
Gold:   127        SH:  5    Dex: 18    Spells: 3/3 levels left

rFire   . . .      SeeInvis .    a - +0 war axe (freeze)
rCold   . . .      Faith    .    c - +0 buckler
rNeg    . . .      Spirit   .    i - +0 plate armour
rPois   .          Reflect  .    k - +0 helmet
rElec   .          Rampage  .    h - scarf {+Inv}
rCorr   .                        (no gloves)
Will    .....                    (no boots) Stlth
                                 (no amulet)
HPRegen 0.25/turn                e - +6 ring of dexterity
MPRegen 0.09/turn                (no ring)

@: no status effects
A: powered by pain 1
a: Evoke Invisibility


You were on level 3 of the Dungeon.
You visited 1 branch of the dungeon, and saw 3 of its levels.

You collected 417 gold pieces.
You spent 290 gold pieces at shops.

Inventory:

Hand Weapons
 a - a +0 war axe of freezing (weapon)
Armour
 c - a +0 buckler (worn)
 h - a scarf of invisibility (worn)
 i - a +0 plate armour (worn)
 k - a +0 helmet (worn)
Jewellery
 e - a +6 ring of dexterity (left hand)
Wands
 b - a wand of light (5)
 l - a wand of charming (10)
Potions
 d - a potion of might
 f - a potion of haste {unknown}
 g - a potion of brilliance {unknown}
 j - 2 potions of cancellation {unknown}
 m - a potion of attraction {unknown}


   Skills:
 - Level 3.0 Fighting
 * Level 4.0 Axes
 - Level 2.6 Armour
 - Level 2.6 Shields


You had 3 spell levels left.
You didn't know any spells.
Your spell library contained the following spells:

 Spells                   Type           Power      Damage    Failure   Level
 Ozocubu's Armour         Ice            0%         N/A       100%        3
 Metabolic Englaciation   Hex/Ice        0%         N/A       100%        5
 Simulacrum               Ice/Necr       0%         N/A       100%        6


Dungeon Overview and Level Annotations

Branches:
Dungeon (3/15)

Altars:

Shops:
D:2 *

Annotations:
D:3 Terence


Innate Abilities, Weirdness & Mutations

You sometimes gain a little power by taking damage.


Message History

You block the adder's attack. The orc barely misses you.
You hit the adder. You freeze the adder.
You kill the adder!
You barely miss the orc. The orc hits you but does no damage.
Your Axes skill increases to level 4!
You have reached level 4!
You feel clever.
You hit the orc. You freeze the orc.
The orc is moderately wounded.
You block the orc's attack.
You barely miss the orc.
The orc is moderately wounded.
You block the orc's attack. The orc hits you but does no damage.
You slash the orc! You freeze the orc.
You kill the orc!
No target in view!
No target in view!
No target in view!
No target in view!
No target in view!
e - a +6 ring of dexterity You see here a +0 trident.
You feel agile.
e - a +6 ring of dexterity (left hand)
There is a stone staircase leading up here.
Terence the Incautious comes into view.
He is wielding a +3 hand axe of electrocution.
Found a runed dagger.
Terence shouts!
Terence is nearby!
A hobgoblin comes into view.
Found 15 gold pieces.
The hobgoblin shouts!
Terence hits you but does no damage.
You are electrocuted!
You see here a ring of see invisible.
You barely miss Terence. Terence barely misses you.
You barely miss Terence.
Terence hits you with a +3 hand axe of electrocution.
You are electrocuted!!
Ouch! That really hurt!
You die...

######.........
........<..##.#
#######.......#
#..####.#
#.......#
##.###### #...#
#...# #.@.#
#.@.# .......
.........$.
#......).....#
#.####...#####
. #...# #...#


You could see Terence.

Vanquished Creatures
  2 adders
  5 dart slugs
  An orc (D:3)
  6 ball pythons
  3 bats
  4 endoplasms
  2 giant cockroaches
  4 goblins
  4 hobgoblins (D:1)
  2 quokkas (D:1)
  3 frilled lizards (D:1)
  4 kobolds (D:1)
  7 rats
47 creatures vanquished.

Notes
Turn   | Place    | Note
-------+----------+-------------------------------------------
     0 | D:1      | Iniera the Demonspawn Fighter began the quest for the Orb.
     0 | D:1      | Reached XP level 1. HP: 18/18 MP: 1/1
   116 | D:1      | Reached skill level 2 in Axes
   229 | D:1      | Gained mutation: You sometimes gain a little power by
                  | taking damage. [demonic ancestry]
   229 | D:1      | Reached XP level 2. HP: 20/24 MP: 2/2
   359 | D:1      | Reached skill level 3 in Axes
   634 | D:1      | Reached XP level 3. HP: 29/29 MP: 3/3
   646 | D:1      | Identified a scroll of acquirement
   646 | D:1      | Acquired 355 gold pieces
  1115 | D:2      | Found Qiragika's Assorted Antiques.
  1177 | D:2      | Bought a sharpened gold wand for 116 gold pieces
  1177 | D:2      | Bought a brass wand for 116 gold pieces
  1177 | D:2      | Bought a scroll labelled VURITZASIU for 29 gold pieces
  1177 | D:2      | Bought a scroll labelled ONUDYE BOPAREAL for 29 gold pieces
  1535 | D:3      | Reached skill level 4 in Axes
  1535 | D:3      | Reached XP level 4. HP: 35/35 MP: 4/4
  1548 | D:3      | Noticed Terence
  1553 | D:3      | Slain by Terence

Illustrated notes

Levels and vault maps discovered:
D:1:      dpeg_arrival_signposts, layout_loops_ring, moated_statue,
          minivault_25, minmay_pentomino_w2
D:2:      layout_basic, serial_shops, nicolae_shop_statue_plus,
          hangedman_abyss_or_decor_stabs, nicolae_underground_beach
D:3:      layout_loops_cross, nicolae_sif_muna_little_library,
          lemuel_tele_altar, serial_shops, nicolae_shop_waterfront,
          uniq_crazy_yiuf_cottage, uniq_ijyb, uniq_terence

Skill      XL: |  1  2  3 |
---------------+----------+-----
Axes           | 2 3 4 |  4.0
Fighting       | |  3.0
Armour         | |  2.6
Shields        | |  2.6

Action                     |  1- 3 |  4- 6 || total
---------------------------+-------+-------++-------
  Melee: War axe           |   124 |     5 ||   129
    Use: Scroll            |     6 |       ||     6
 Armour: Scale mail        |    51 |       ||    51
         Plate armour      |    22 |     2 ||    24
  Dodge: Dodged            |    39 |     1 ||    40
  Block: Buckler           |    29 |     2 ||    31

Table legend: (Time is in decaauts)
 A = Elapsed time spent in this place.
 B = Non-inter-level travel time spent in this place.
 C = Inter-level travel time spent in this place.
 D = Time resting spent in this place.
 E = Time spent auto-exploring this place.
 F = Levels seen in this place.
 G = Mean time per level.
                   A        B        C        D        E       F      G
               +--------+--------+--------+--------+--------+-----+--------+
         Total |   1601 |   1530 |     71 |     47 |   1111 |   3 |  533.7 |
       Dungeon |   1601 |   1530 |     71 |     47 |   1111 |   3 |  533.7 |
               +--------+--------+--------+--------+--------+-----+--------+

Top non-repeatable levels by time:
     D:1: 930 daAuts
     D:2: 644 daAuts
     D:3: 27 daAuts
